Map: Oxide LE

Players

Serral - Winner!

  • Race: Zerg Zerg
  • League: Grandmaster
  • Spawn Location: 1:00

HeroMarine

  • Race: Terran Terran
  • League: Grandmaster
  • Spawn Location: 7:00

Event: DreamHack SC2 Masters 2020 Winter

VOD

Have the link to the VOD?

Description

Time

  • Played on: Nov. 3, 2020, 11:42 a.m.
  • Length: 15:29

All games in this series

Show
View Real Time Build Order
Export as new Build Order

Serral Zerg - Winner!

Build Orders: Hatch First 

Get SALT Encoding   

  12  0:00  Drone  
  13  0:11  Overlord  
  13  0:16  Drone  
  14  0:30  Drone x2  
  16  0:48  Hatchery  
  15  0:51  Drone  
  15  0:55  Drone  
  17  0:57  Drone  
  18  1:09  Extractor  
  17  1:12  Spawning Pool  
  17  1:15  Drone  
  17  1:18  Drone  
  18  1:27  Drone  
  19  1:37  Drone  
  20  1:48  Drone  
  21  1:59  Queen x2  
  21  2:00  Zergling x4  
  27  2:09  Overlord  
  27  2:11  Drone  
  27  2:12  Metabolic Boost  
  28  2:27  Hatchery  
  28  2:30  Drone  
  28  2:32  Drone  
  28  2:34  Drone  
  30  2:40  Queen  
  32  2:45  Overlord  
  32  2:50  Drone  
  33  2:52  Drone  
  33  2:53  Drone  
  33  2:58  Drone  
  36  3:07  Drone x4  
  36  3:09  Overlord  
  40  3:15  Drone  
  40  3:16  Drone  
  40  3:19  Queen  
  44  3:26  Queen  
  44  3:31  Drone x2  
  48  3:36  Overlord  
  48  3:38  Drone x2  
  48  3:39  Drone x2  
  52  3:43  Queen  
  52  3:46  Drone  
  55  3:50  Zergling x4  
  55  3:51  Drone  
  58  3:58  Roach Warren  
  58  3:59  Queen  
  58  4:02  Drone x2  
  61  4:08  Zergling x2  
  61  4:09  Drone x2  
  64  4:10  Zergling x2, Drone  
  64  4:12  Overlord  
  64  4:14  Overlord  
  66  4:22  Overlord  
  66  4:31  Lair  
  66  4:32  Overlord, Drone x3  
  66  4:33  Drone x2, Extractor  
  66  4:37  Roach  
  72  4:42  Roach x4  
  80  4:49  Overlord  
  80  4:50  Extractor  
  80  4:51  Roach  
  80  4:52  Overlord x2  
  81  4:54  Overlord  
  81  5:06  Roach x2  
  83  5:09  Drone x5  
  83  5:14  Zergling x6  
  91  5:18  Roach x2  
  95  5:29  Evolution Chamber, Extractor  
  95  5:30  Glial Reconstitution  
  95  5:31  Evolution Chamber  
  92  5:36  Drone x2  
  92  5:40  Drone  
  92  5:41  Drone x3  
  98  5:46  Roach x3  
  98  5:47  Overseer  
  104  5:53  Overlord  
  104  5:54  Extractor  
  103  5:58  Drone x2, Extractor  
  103  5:59  Zerg Missile Weapons Level 1  
  103  6:04  Drone x2  
  106  6:06  Overlord  
  106  6:09  Zerg Ground Armor Level 1  
  106  6:12  Zergling x18  
  109  6:18  Drone x3  
  110  6:26  Drone x5  
  110  6:27  Drone  
  116  6:35  Roach x3  
  116  6:39  Baneling Nest  
  121  6:43  Zergling x10  
  121  6:46  Hatchery  
  125  6:50  Evolution Chamber, Drone  
  125  6:51  Overlord  
  125  6:55  Zergling x12  
  125  6:59  Drone  
  125  7:00  Spore Crawler  
  131  7:03  Ravager x3  
  134  7:09  Zergling x12  
  134  7:14  Drone  
  134  7:15  Drone  
  140  7:16  Zerg Melee Weapons Level 1  
  140  7:18  Zergling x2  
  140  7:19  Zergling x4  
  140  7:22  Drone  
  144  7:24  Infestation Pit  
  144  7:27  Drone x2  
  145  7:34  Centrifical Hooks  
  145  7:36  Overlord  
  144  7:38  Zergling x2  
  144  7:39  Hatchery  
  144  7:40  Overlord x2  
  144  7:41  Overlord x2  
  144  7:53  Ravager  
  144  7:56  Zerg Missile Weapons Level 2  
  144  7:57  Zergling x18  
  154  8:03  Zergling x2  
  152  8:09  Hive  
  152  8:15  Zerg Ground Armor Level 2  
  152  8:17  Zergling x18  
  158  8:28  Zergling x10  
  163  8:38  Ravager x3  
  163  8:39  Baneling  
  163  8:40  Baneling x9  
  164  8:42  Zergling x20  
  174  8:49  Drone x3  
  174  8:54  Drone x2  
  179  9:02  Overlord  
  178  9:06  Overlord  
  178  9:11  Baneling x2  
  178  9:13  Overlord  
  178  9:14  Queen  
  180  9:17  Drone x3  
  180  9:21  Viper x2  
  180  9:23  Ultralisk Cavern  
  188  9:24  Adrenal Glands  
  188  9:26  Zerg Melee Weapons Level 2  
  188  9:28  Extractor  
  188  9:30  Drone x2  
  188  9:31  Drone  
  190  9:36  Zergling x8  
  190  9:37  Zergling x6, Hatchery  
  195  9:48  Baneling x10  
  193  10:06  Hatchery  
  192  10:10  Chitinous Plating  
  192  10:13  Ultralisk  
  196  10:23  Ultralisk  
  196  10:24  Ultralisk  
  196  10:26  Hatchery  
  196  10:27  Ultralisk x2  
  195  10:34  Spore Crawler  
  195  10:35  Ultralisk  
  200  10:47  Extractor  
  199  11:00  Baneling x14  
  199  11:04  Drone  
  199  11:07  Hatchery  
  199  11:09  Zerg Ground Armor Level 3  
  189  11:19  Zergling x24  
  188  11:32  Zergling x38  
  174  11:41  Ultralisk x2  
  174  11:42  Zergling x2  
  172  11:49  Zergling x14  
  170  11:58  Baneling x7  
  168  12:02  Drone x8  
  170  12:09  Roach x3  
  170  12:13  Ravager, Spire  
  176  12:16  Baneling x9  
  176  12:19  Drone x2  
  176  12:20  Drone  
  176  12:21  Baneling x3  
  178  12:26  Zergling x6, Spore Crawler  
  178  12:35  Zergling x18  
  187  12:41  Zerg Melee Weapons Level 3  
  187  12:43  Baneling x4  
  172  12:53  Zergling x2  
  172  12:54  Zergling x24  
  171  13:00  Ultralisk  
  171  13:02  Drone  
  171  13:03  Baneling x7  
  171  13:04  Baneling  
  176  13:06  Ravager x2  
  176  13:10  Baneling  
  178  13:14  Baneling  
  178  13:15  Baneling x7  
  178  13:18  Viper  
  181  13:27  Zerg Flyer Weapons Level 1  
  181  13:28  Zergling x2, Ultralisk x2  
  181  13:29  Zergling x6  
  181  13:33  Zergling x6  
  181  13:34  Zergling x6  
  200  13:38  Baneling x6  
  200  13:48  Spore Crawler  
  197  14:08  Zergling x16  
  170  14:19  Zergling x26, Ultralisk x2  
  185  14:26  Drone x2  
  185  14:27  Drone x2  
  185  14:29  Drone x3  
  185  14:30  Zergling x2, Ultralisk  
  185  14:31  Zergling x8  
  199  14:36  Baneling x8  
  196  14:49  Baneling x12  
  196  14:55  Zergling x6  
  197  15:06  Zergling x2  
  197  15:07  Zergling x18  
Show
View Real Time Build Order
Export as new Build Order

HeroMarine Terran 

Build Orders:  

Get SALT Encoding   

  12  0:00  SCV  
  13  0:12  SCV  
  14  0:17  Supply Depot  
  14  0:24  SCV  
  15  0:38  SCV  
  15  0:39  Barracks  
  16  0:43  Refinery  
  16  0:50  SCV  
  17  1:02  SCV  
  18  1:15  SCV  
  19  1:26  Marine  
  19  1:27  Orbital Command  
  20  1:37  Command Center  
  20  1:44  Barracks Reactor  
  20  1:51  Barracks  
  20  1:55  SCV  
  21  2:02  Supply Depot  
  21  2:07  SCV  
  22  2:20  SCV, Factory  
  23  2:23  Marine x2  
  23  2:28  Refinery  
  25  2:32  SCV  
  26  2:38  Barracks Tech Lab  
  26  2:41  Marine x2  
  26  2:44  SCV  
  29  2:49  Orbital Command  
  29  2:56  SCV, Stimpack  
  30  2:59  Marine  
  30  3:03  Marine  
  32  3:08  SCV, Marine  
  34  3:15  SCV  
  34  3:17  Starport  
  35  3:20  Factory Reactor  
  35  3:21  SCV  
  35  3:26  Supply Depot, Marine  
  37  3:30  SCV  
  37  3:33  SCV, Marine  
  40  3:35  Marine  
  41  3:42  SCV  
  41  3:44  Marine  
  41  3:45  SCV  
  44  3:48  Supply Depot  
  44  3:50  Marine  
  44  3:54  SCV  
  46  3:55  Marine  
  46  3:57  SCV  
  46  4:01  Medivac x2  
  52  4:04  Marine  
  52  4:06  Supply Depot  
  52  4:08  Marine  
  54  4:10  SCV x2  
  56  4:18  Engineering Bay  
  56  4:22  SCV x2, Marine x2  
  60  4:26  Marine  
  60  4:28  Factory Tech Lab  
  61  4:31  Refinery  
  61  4:34  SCV x2  
  63  4:43  Combat Shield  
  63  4:44  Barracks  
  63  4:45  Terran Infantry Weapons Level 1, Marine  
  63  4:46  SCV x2, Marine  
  63  4:51  Supply Depot  
  67  4:53  Marine  
  67  4:58  Medivac  
  70  5:04  Marine  
  70  5:13  Supply Depot, Siege Tank  
  71  5:15  SCV x2, Command Center  
  71  5:17  Marine x2  
  75  5:22  Marine  
  75  5:27  SCV x2  
  78  5:32  Marine  
  78  5:34  Marine, Liberator  
  82  5:36  Refinery  
  82  5:38  Supply Depot  
  82  5:39  SCV x2, Marine  
  85  5:49  Marine  
  86  5:57  Supply Depot  
  86  6:00  Marine x3, Siege Tank  
  86  6:03  Marine  
  93  6:05  Supply Depot  
  93  6:07  Marine  
  94  6:13  Barracks  
  94  6:15  SCV, Barracks  
  94  6:16  SCV  
  94  6:18  Starport Reactor, Marine  
  92  6:27  SCV, Marine x2  
  92  6:28  SCV, Marine x2  
  92  6:30  Orbital Command  
  98  6:35  Marine  
  98  6:36  Siege Tank  
  98  6:39  SCV  
  103  6:40  SCV  
  103  6:41  Terran Infantry Armor Level 1  
  103  6:45  Marine  
  103  6:46  Marine x3  
  108  6:54  SCV x2  
  108  6:57  Medivac x2  
  114  7:01  Barracks Reactor x2  
  114  7:04  Supply Depot  
  114  7:05  Supply Depot  
  114  7:06  SCV x2  
  114  7:08  Marine x4  
  117  7:11  Marine  
  117  7:13  Siege Tank  
  124  7:18  SCV  
  124  7:19  SCV  
  124  7:21  Orbital Command  
  123  7:25  Marine  
  123  7:26  Armory, Marine  
  123  7:28  Engineering Bay  
  125  7:31  SCV x2  
  125  7:33  Medivac x2  
  125  7:36  Marine x2  
  133  7:43  SCV x2  
  135  7:44  Supply Depot  
  135  7:50  SCV  
  136  7:52  Supply Depot  
  136  7:55  SCV, Siege Tank  
  136  7:56  SCV  
  141  8:00  Supply Depot  
  141  8:02  Supply Depot  
  141  8:05  Supply Depot  
  141  8:07  SCV x2  
  141  8:08  SCV  
  141  8:12  Refinery x2  
  144  8:17  Terran Vehicle Weapons Level 1  
  143  8:20  Marine x2  
  143  8:24  Marine  
  143  8:25  Marine x3, Factory  
  143  8:26  Supply Depot, Marine x2  
  148  8:35  Siege Tank  
  148  8:38  Terran Infantry Weapons Level 2  
  148  8:39  Terran Infantry Armor Level 2  
  150  8:43  Marine  
  150  8:44  Marine x3  
  150  8:48  Command Center, Marine x3  
  156  8:49  Medivac  
  156  8:51  Medivac  
  156  8:53  SCV  
  156  8:55  SCV x2  
  164  9:07  SCV x3  
  167  9:12  Siege Tank  
  167  9:13  Missile Turret, Marine x2  
  167  9:14  Marine x2  
  167  9:15  Factory Tech Lab  
  174  9:17  Supply Depot  
  174  9:24  Missile Turret  
  174  9:27  Missile Turret  
  174  9:31  Supply Depot  
  174  9:34  Siege Tank  
  177  9:40  Barracks  
  177  9:41  Barracks  
  177  9:44  Sensor Tower, Barracks, Siege Tank  
  179  10:01  Marine x9  
  179  10:07  Siege Tank  
  191  10:12  SCV x3  
  194  10:14  Terran Vehicle And Ship Armor Level 1  
  194  10:17  Siege Tank  
  194  10:20  Marine x3  
  194  10:22  Marine x2  
  194  10:23  Marine x2  
  194  10:24  SCV x2  
  194  10:26  Planetary Fortress  
  193  10:36  Sensor Tower  
  193  10:39  Barracks Tech Lab x3  
  193  10:44  Marauder  
  193  10:49  Liberator x2  
  199  10:54  Command Center  
  197  11:00  Factory  
  197  11:05  Command Center  
  197  11:17  Marauder x2  
  197  11:18  Terran Infantry Weapons Level 3, Terran Infantry Armor Level 3  
  189  11:20  Marauder x2  
  189  11:21  Marine x2  
  189  11:23  Marine x3  
  189  11:24  Siege Tank x2  
  183  11:29  Marine x2  
  164  11:34  Medivac  
  164  11:37  Marine  
  164  11:38  Marauder x2  
  149  11:41  Marauder x2, Marine  
  143  11:55  Marine x3  
  143  11:56  Marine  
  143  11:57  Siege Tank x2  
  143  11:59  Marine x2  
  143  12:00  Marauder x2  
  155  12:03  Marauder x2  
  158  12:13  Marine x2  
  163  12:16  Concussive Shells  
  163  12:21  Marauder x2  
  164  12:24  Marauder x2  
  164  12:26  Marine  
  164  12:29  Siege Tank x2  
  175  12:32  Marine  
  175  12:34  Marine x2  
  175  12:40  Marine  
  175  12:42  Marauder x2, Marine x2  
  182  12:44  Factory Tech Lab  
  182  12:45  Marauder  
  178  12:53  Marauder  
  158  12:58  SCV  
  158  12:59  SCV  
  158  13:01  Planetary Fortress  
  158  13:05  Marauder x2  
  165  13:09  Siege Tank  
  165  13:11  Siege Tank  
  170  13:19  Marauder x2  
  174  13:23  Liberator  
  174  13:27  Sensor Tower  
  177  13:29  Liberator  
  180  13:35  Marauder  
  180  13:36  Supply Depot  
  180  13:37  Supply Depot  
  180  13:38  Marauder  
  180  13:39  Marine x2  
  180  13:40  Marauder  
  188  13:57  Command Center, Marauder x2  
  188  13:58  Supply Depot  
  192  14:03  Marauder  
  192  14:05  Orbital Command  
  192  14:06  Liberator  
  172  14:11  Marauder  
  165  14:19  Marauder x2  
  166  14:30  Marauder  
  164  14:32  Liberator, Marauder, Siege Tank  
  164  14:33  Marine x2  
  172  14:38  Marine  
  172  14:39  Marine  
  172  14:40  Marauder, Marine  
  172  14:42  Marine  
  172  14:44  Marine  
  172  14:45  Factory Tech Lab  
  179  14:50  Marauder  
  186  14:53  Marauder, Marine  
  186  14:58  Marine  
  188  15:01  Marine  
  188  15:06  Marauder x2  
  180  15:07  Marine x3  
Tags
 
Add a new tag
Caveats
  • Supply blocks, unpowered buildings, or Contaminate may cause inaccurate times.
  • Supply counts are checked every 10 seconds.